 Dungeon Crawl Stone Soup version 0.28-a0-1143-gcf6077d4cc (webtiles) character file.

Game seed: 11964809582808090883

317 Snarg the Skirmisher (level 6, -2/51 HPs)
             Began as a Demigod Wanderer on Dec 14, 2021.
             Slain by a hornet zombie (7 damage)
             ... on level 3 of the Dungeon.
             The game lasted 00:15:06 (4889 turns).

Snarg the Skirmisher (Demigod Wanderer)             Turns: 4889, Time: 00:15:06

Health: -2/51      AC:  3    Str: 18    XL:     6   Next: 0%
Magic:  0/10       EV: 12    Int: 17    God:
Gold:   70         SH:  0    Dex: 13    Spells: 7/7 levels left

rFire   . . .      SeeInvis .   a - +2 dagger
rCold   . . .      Faith    .   (no shield)
rNeg    . . .      Spirit   +   o - +0 leather armour
rPois   .          Reflect  .   (no helmet)
rElec   .          Harm     .   (no cloak)
rCorr   .          Rampage  .   (no gloves)
Will    .....                   (no boots)
Stlth   ++........              f - amulet of guardian spirit
HPRegen 0.17/turn               (no ring)
MPRegen 0.12/turn               (no ring)

@: no status effects
A: high mp 1, forlorn, divine attributes
a: no special abilities


You were on level 3 of the Dungeon.
You visited 1 branch of the dungeon, and saw 3 of its levels.

You collected 70 gold pieces.

Inventory:

Hand Weapons
 a - a +2 dagger (weapon)
 c - a +0 falchion
 k - a +0 short sword
 l - a +0 spear
 q - a +0 trident
 r - a +0 hunting sling
Missiles
 g - 85 stones (quivered)
 h - 6 poisoned darts
 n - 2 javelins
Armour
 e - a +0 robe
 j - a +0 ring mail
 o - a +0 leather armour (worn)
Jewellery
 f - an amulet of guardian spirit (around neck)
Scrolls
 d - a scroll of amnesia {unknown}
 i - a scroll of identify
Potions
 b - a potion of brilliance {unknown}
 p - a potion of ambrosia


   Skills:
 + Level 3.1 Fighting
 + Level 2.1 Short Blades
 - Level 1.0 Staves
 - Level 2.0 Throwing
 + Level 2.5 Armour
 + Level 2.4 Dodging
 - Level 2.0 Stealth
 - Level 1.0 Shields
 - Level 1.0 Spellcasting
 - Level 1.0 Conjurations
 - Level 1.0 Poison Magic


You had 7 spell levels left.
You didn't know any spells.
Your spell library was empty.

Dungeon Overview and Level Annotations

Branches:
Dungeon (3/15)

Annotations:
D:1 clr
D:2 clr


Innate Abilities, Weirdness & Mutations

You have an increased reservoir of magic. (+10% MP)
You shall have no god before yourself.
Your divine heritage dramatically boosts your attributes as you level up.


Message History

You throw a stone. The stone hits the hornet zombie.
The hornet zombie is lightly damaged.
You throw a stone.
The stone closely misses the hornet zombie.
You throw a stone.
The stone closely misses the hornet zombie.
You hit the hornet zombie.
The hornet zombie is lightly damaged.
The hornet zombie hits you! The hornet zombie barely misses you.
You hit the hornet zombie.
The hornet zombie is lightly damaged.
The hornet zombie hits you.
You hit the hornet zombie.
The hornet zombie is lightly damaged.
The hornet zombie hits you!
You hit the hornet zombie.
The hornet zombie is lightly damaged.
The hornet zombie hits you.
You are too injured to fight recklessly!
You hit the hornet zombie.
The hornet zombie is moderately damaged.
The hornet zombie hits you.
You hit the hornet zombie.
The hornet zombie is moderately damaged.
The hornet zombie barely misses you.
You hit the hornet zombie.
The hornet zombie is moderately damaged.
The hornet zombie hits you! The hornet zombie hits you.
* * * LOW HITPOINT WARNING * * *
You barely miss the hornet zombie.
The hornet zombie is moderately damaged.
The hornet zombie hits you!
* * * LOW HITPOINT WARNING * * *
You closely miss the hornet zombie.
The hornet zombie is moderately damaged.
The hornet zombie hits you but does no damage.
You hit the hornet zombie but do no damage.
The hornet zombie is moderately damaged.
The hornet zombie hits you!
You die...

#.......###.###.
#####'#.[.....'.
# #o###.###.
#(#(( #.#.#
#.#.############
#..........#...#
###Z######.#.#.#
#@# #.#.# #.#
.#.#.# #.#
.#.#.### #.#
.#.#...# #
#.######.#.###.#
# #..†.....#.#
#.# #
###.....##.###.#
# #......#.#...#
# #......#.#.###


You could see a hornet zombie.

Vanquished Creatures
  A water moccasin skeleton (D:3)
  4 orc priests
  2 orc wizards (D:3)
  4 adders
  11 orcs
  5 endoplasms
  3 giant cockroaches
  5 goblins
  3 hobgoblins
  3 kobolds
  A quokka (D:1)
  7 ball pythons
  3 bats (D:1)
  5 frilled lizards
  6 rats
63 creatures vanquished.

Vanquished Creatures (others)
  3 withered plants (D:2)
3 creatures vanquished.

Grand Total: 66 creatures vanquished

Notes
Turn   | Place    | Note
-------+----------+-------------------------------------------
     0 | D:1      | Snarg the Demigod Wanderer began the quest for the Orb.
     0 | D:1      | Snarg set off with the following items: a +2 dagger, a
                  | potion of haste, a +0 falchion, a potion of curing, a +0
                  | robe
     0 | D:1      | Reached XP level 1. HP: 17/17 MP: 4/4
    80 | D:1      | Reached skill level 2 in Fighting
   470 | D:1      | Reached XP level 2. HP: 17/25 MP: 3/5
  1584 | D:2      | Reached XP level 3. HP: 30/30 MP: 6/6
  2113 | D:2      | Reached skill level 1 in Throwing
  2878 | D:2      | HP: 1/30 [orc priest/divine providence (12)]
  2880 | D:2      | Reached XP level 4. HP: 2/37 MP: 1/8
  3247 | D:3      | Reached skill level 3 in Fighting
  3247 | D:3      | Reached skill level 1 in Short Blades
  3247 | D:3      | Reached skill level 1 in Armour
  3698 | D:3      | HP: 1/38 [orc priest (3)]
  3701 | D:3      | Reached XP level 5. HP: 1/45 MP: 0/9
  4818 | D:3      | Reached XP level 6. HP: 41/51 MP: 10/10
  4889 | D:3      | Slain by a hornet zombie

Illustrated notes

Levels and vault maps discovered:
D:1:      nzn_arrival_settlement, layout_loops_ring, minivault_26,
          nicolae_figureground_pulse
D:2:      layout_basic, shapermc_ecumenical_altar_gd, serial_park_tiny_1
D:3:      layout_basic, patterned_corridor

Skill      XL: |  1  2  3  4  5 |
---------------+----------------+-----
Fighting       | 2 3 |  3.1
Stealth        | 2 |  2.0
Throwing       | 1 2 |  2.0
Short Blades   | 1 2 |  2.1
Armour         | 1 2 |  2.5
Dodging        | 2 |  2.4
Staves         | |  1.0
Shields        | |  1.0
Spellcasting   | |  1.0
Conjurations   | |  1.0
Poison Magic   | |  1.0

Action                   |  1- 3 |  4- 6 || total
-------------------------+-------+-------++-------
Melee: Dagger            |   161 |   135 ||   296
Throw: Stone             |    39 |    20 ||    59
       Dart              |     6 |    11 ||    17
  Use: Potion            |       |     5 ||     5
       Scroll            |       |     2 ||     2
 Stab: Sleeping          |     6 |       ||     6
Armor: Robe              |    22 |       ||    22
       Ring mail         |     2 |       ||     2
       Leather armour    |    12 |    27 ||    39
Dodge: Dodged            |    78 |    60 ||   138

Table legend: (Time is in decaauts)
 A = Elapsed time spent in this place.
 B = Non-inter-level travel time spent in this place.
 C = Inter-level travel time spent in this place.
 D = Time resting spent in this place.
 E = Time spent auto-exploring this place.
 F = Levels seen in this place.
 G = Mean time per level.
                   A        B        C        D        E       F      G
               +--------+--------+--------+--------+--------+-----+--------+
         Total |   4865 |   4452 |    413 |   1545 |   2048 |   3 | 1621.7 |
       Dungeon |   4865 |   4452 |    413 |   1545 |   2048 |   3 | 1621.7 |
               +--------+--------+--------+--------+--------+-----+--------+

Top non-repeatable levels by time:
     D:2: 2040 daAuts
     D:3: 1707 daAuts
     D:1: 1118 daAuts
